 Dungeon Crawl Stone Soup version 0.29-a0-375-g5102b3be25 (webtiles) character file.

Game seed: 17688460168735616883

9 flotson the Sneak (level 2, -4/24 HPs)
             Began as a Demonspawn Delver on May 3, 2022.
             Slain by an orc
             ... wielding a +0 short sword
              (5 damage)
             ... on level 5 of the Dungeon.
             The game lasted 00:00:57 (214 turns).

flotson the Sneak (Demonspawn Delver)                Turns: 214, Time: 00:00:57

Health: -4/24      AC:  8    Str: 12    XL:     2   Next: 3%
Magic:  2/2        EV:  5    Int: 11    God:
Gold:   9          SH:  0    Dex: 14    Spells: 1/1 levels left

rFire   . . .      SeeInvis .   a - +0 spear
rCold   . . .      Faith    .   (no shield)
rNeg    . . .      Spirit   .   h - +0 chain mail
rPois   .          Reflect  .   (no helmet)
rElec   .          Harm     .   (no cloak)
rCorr   .          Rampage  .   (no gloves)
Will    .....                   (no boots)
Stlth   ..........              (no amulet)
HPRegen 0.08/turn               (no ring)
MPRegen 0.08/turn               (no ring)

@: no status effects
A: demonic magic 1
a: no special abilities


You were on level 5 of the Dungeon.
You visited 1 branch of the dungeon, and saw 1 of its levels.

You collected 9 gold pieces.

Inventory:

Hand Weapons
 a - a +0 spear (weapon)
Armour
 b - a +0 leather armour
 h - a +0 chain mail (worn)
Wands
 g - a wand of digging (3)
Scrolls
 c - a scroll of fog
 f - a scroll of identify {unknown}
 i - a scroll of teleportation {unknown}
 j - a scroll of silence {unknown}


   Skills:
 + Level 3.1 Fighting
 + Level 2.0 Polearms
 + Level 2.0 Dodging
 + Level 4.6 Stealth


You had one spell level left.
You didn't know any spells.
Your spell library was empty.

Dungeon Overview and Level Annotations

Branches:
Dungeon (5/15)
 Temple: D:4-7

Altars:

Annotations:
D:5 Sigmund


Innate Abilities, Weirdness & Mutations

Spells you cast may paralyse adjacent enemies.


Message History

You feel sick.
You feel sick.
You feel sick.
You feel sick. The scorpion attacks as you move away!
The scorpion stings you but does no damage.
You feel sick.
You are no longer poisoned.
The scorpion stings you but does no damage.
Unknown command.
The scorpion attacks as you move away!
The scorpion stings you but does no damage.
The scorpion attacks as you move away! The scorpion barely misses you.
The gnoll hits you but does no damage. The scorpion attacks as you move away!
The scorpion stings you but does no damage.
The scorpion attacks as you move away!
The scorpion stings you but does no damage.
Found 20 gold pieces.
The scorpion stings you but does no damage.
The scorpion attacks as you move away! The scorpion completely misses you.
A quokka comes into view.
The scorpion attacks as you move away! The scorpion stings you.
* * * LOW HITPOINT WARNING * * *
The scorpion barely misses you.
The scorpion stings you but does no damage.
An orc comes into view. It is wielding a +0 short sword.
The orc shouts!
The scorpion barely misses you.
An orc wizard and an orc come into view.
The orc wizard is wielding a +0 dagger of protection.
The orc wizard shouts!
The orc shouts!
An orc wizard comes into view. It is wielding a +0 dagger.
The orc wizard shouts!
The orc barely misses you.
Sigmund the Dreaded comes into view.
He is wielding a +0 scythe.
The orc wizard hits you with a +0 dagger of protection.
* * * LOW HITPOINT WARNING * * *
The orc hits you with a +0 short sword.
You die...

,,,,*
**..,,,,,,,,,...,,,,,,,,,
,,,,*
*....@******#..*,,,,,,,,,
,,,,** *.....*
##..****,,,,,,,
,,,,,****.....#* ##..#*
**,...**
,,,,,,,*,......###...#
*#..**
*,,,,,,,,...........#*
*..#*
***,,,,,,...........##
##..#
**,,,,,......oos..g###
#..#*
**,,,,......o@r##..g###..#
***,,*#..o......##...#..#*
***,,,**##...#....####....#
**,,,,,* #..,##....#*##...#
* ,,,,,,,*
##,,*###...#*##g.# *#
,,,,,,** *,,** *#...#*#..##
##. ****,,** **,,*
*.....#...###.. *,,,***
*,,* *#............#
*,,,,,****,,**
**............#


You could see Sigmund, a scorpion, 2 orc wizards, a gnoll, 2 orcs and a quokka.

Vanquished Creatures
  An adder (D:5)
1 creature vanquished.

Notes
Turn   | Place    | Note
-------+----------+-------------------------------------------
     0 | D:5      | flotson the Demonspawn Delver began the quest for the Orb.
     0 | D:5      | Reached XP level 1. HP: 18/18 MP: 1/1
   103 | D:5      | Gained mutation: Spells you cast may paralyse adjacent
                  | enemies. [demonic ancestry]
   103 | D:5      | Reached XP level 2. HP: 24/24 MP: 2/2
   106 | D:5      | Noticed a scorpion
   180 | D:5      | Noticed a scorpion
   205 | D:5      | HP: 1/24 [scorpion (3)]
   214 | D:5      | Noticed Sigmund
   214 | D:5      | HP: 1/24 [orc wizard/+0 dagger of protection (1)]
   214 | D:5      | Slain by an orc

Illustrated notes

Levels and vault maps discovered:
D:5:      layout_layer_cave, kennysheep_diamond, grunt_decor_one_mirror,
          minmay_crystal_water, uniq_sigmund

Skill      XL: |  1 |
---------------+----+-----
Polearms       | 2 |  2.0
Dodging        | 2 |  2.0
Fighting       | |  3.1
Stealth        | |  4.6

Action                   || total
-------------------------++-------
Melee: Spear             ||     3
  Use: Potion            ||     1
       Scroll            ||     2
Armor: Chain mail        ||    12
Dodge: Dodged            ||    10

Table legend: (Time is in decaauts)
 A = Elapsed time spent in this place.
 B = Non-inter-level travel time spent in this place.
 C = Inter-level travel time spent in this place.
 D = Time resting spent in this place.
 E = Time spent auto-exploring this place.
 F = Levels seen in this place.
 G = Mean time per level.
                   A        B        C        D        E       F      G
               +--------+--------+--------+--------+--------+-----+--------+
         Total |    195 |    195 |      0 |      0 |     79 |   1 |  195.0 |
       Dungeon |    195 |    195 |      0 |      0 |     79 |   1 |  195.0 |
               +--------+--------+--------+--------+--------+-----+--------+

Top non-repeatable levels by time:
     D:5: 195 daAuts
